 Dungeon Crawl Stone Soup version 0.19.1 (webtiles) character file.

365 Aksej the Slasher (level 6, -6/46 HPs)
             Began as a Demonspawn Gladiator on Dec 1, 2016.
             Mangled by TheSquall's ghost (11 damage)
             ... on level 4 of the Dungeon.
             The game lasted 00:08:57 (3370 turns).

Aksej the Slasher (Demonspawn Gladiator)            Turns: 3370, Time: 00:08:58

Health: -6/46      AC:  5    Str: 16    XL:     6   Next: 40%
Magic:  6/6        EV: 13    Int:  9    God:
Gold:   196        SH:  0    Dex: 15    Spells: 0 memorised, 5 levels left

rFire  . . .     SeeInvis .     a - +1 long sword
rCold  . . .     Gourm    .     b - +1 leather armour
rNeg   . . .     Faith    .     (no shield)
rPois  .         Spirit   .     c - +0 helmet
rElec  .         Reflect  .     (no cloak)
rCorr  .         Harm     .     (no gloves)
MR     +....                    (no boots)
Stlth  ++........               (no amulet)
                                (no ring)
                                p - ring of protection from magic

@: no status effects
A: nightstalker 1
a: no special abilities


You were on level 4 of the Dungeon.
You were not hungry.

You visited 1 branch of the dungeon, and saw 4 of its levels.

You collected 196 gold pieces.

Inventory:

Hand Weapons
 a - a +1 long sword (weapon)
Missiles
 d - 2 throwing nets (quivered)
Armour
 b - a +1 leather armour (worn)
 c - a +0 helmet (worn)
Jewellery
 p - a ring of protection from magic (left hand)
Scrolls
 e - a scroll of enchant weapon
 j - a scroll of enchant armour
 l - 2 scrolls of recharging
 m - 2 scrolls of fear
 q - a scroll of remove curse
Potions
 g - 2 potions of magic
 i - 2 potions of curing
 o - a potion of flight
Comestibles
 f - a bread ration
 h - 2 fruits
 k - 3 meat rations


   Skills:
 + Level 2.4 Fighting
 * Level 5.7 Long Blades
 + Level 1.8 Throwing
 + Level 1.6 Armour
 + Level 3.3 Dodging


You had 5 spell levels left.
You didn't know any spells.

Dungeon Overview and Level Annotations

Branches:
Dungeon (4/15)
 Temple: D:4-7

Altars:

Annotations:
D:4 TheSquall's ghost, amateur MiFi


Innate Abilities, Weirdness & Mutations

You are slightly more attuned to the shadows.


Message History

TheSquall's ghost is heavily damaged.
You barely miss TheSquall's ghost.
TheSquall's ghost is heavily damaged.
TheSquall's ghost hits you!
* * * LOW HITPOINT WARNING * * *
You hit TheSquall's ghost but do no damage.
TheSquall's ghost is moderately damaged.
TheSquall's ghost hits you!
* * * LOW HITPOINT WARNING * * *
The worker ant twitches its antennae in your direction.
You hit TheSquall's ghost but do no damage.
TheSquall's ghost is moderately damaged.
TheSquall's ghost barely misses you.
You hit TheSquall's ghost.
TheSquall's ghost is heavily damaged.
TheSquall's ghost hits you but does no damage.
You hit TheSquall's ghost but do no damage.
TheSquall's ghost is heavily damaged.
TheSquall's ghost hits you!
You die...

## ...a #>. .$... #.#
..... #.# ###W.... #######
#.# #....... #.....#
#.#####....###
##.##[#######...@W.a......
#.#.......<#.#####....###
#.#..#######.# #....#
#.#..........# #....#
#.#.########## ######
#.#.# #.#.# #.#.# #.#.#


You could see a worker ant and TheSquall's ghost.

Vanquished Creatures
  Sigmund (D:2)
  An orc wizard (D:3)
  A worker ant zombie (D:4)
  7 adders
  3 oozes
  An adder skeleton (D:4)
  3 worms (D:2)
  4 dart slugs
  6 orcs (D:3)
  4 ball pythons
  5 giant cockroaches
  10 goblins
  6 hobgoblins
  2 jackals (D:2)
  10 kobolds
  3 bats
  4 frilled lizards
  2 rats
73 creatures vanquished.

Notes
Turn   | Place    | Note
-------+----------+-------------------------------------------
     0 | D:1      | Aksej the Demonspawn Gladiator began the quest for the Orb.
     0 | D:1      | Reached XP level 1. HP: 16/16 MP: 1/1
   327 | D:1      | Reached skill level 3 in Long Blades
   354 | D:1      | Gained mutation: You are slightly more attuned to the shadows. [demonic ancestry]
   354 | D:1      | Reached XP level 2. HP: 17/22 MP: 2/2
  1141 | D:1      | Reached XP level 3. HP: 27/27 MP: 3/3
  1246 | D:2      | Noticed Sigmund
  1891 | D:2      | Reached XP level 4. HP: 17/33 MP: 4/4
  1893 | D:2      | Reached skill level 4 in Long Blades
  2576 | D:2      | Killed Sigmund
  2576 | D:2      | Reached skill level 5 in Long Blades
  2576 | D:2      | Reached skill level 1 in Armour
  2576 | D:2      | Reached XP level 5. HP: 29/39 MP: 5/5
  2661 | D:3      | Reached XP level 6. HP: 37/46 MP: 6/6
  3340 | D:4      | Noticed TheSquall's ghost (amateur MiFi)
  3370 | D:4      | Mangled by TheSquall's ghost

Skill      XL: |  1  2  3  4 |
---------------+-------------+-----
Long Blades    | 3 5 |  5.7
Dodging        | 3 |  3.3
Armour         | 1 |  1.6
Fighting       | |  2.4
Throwing       | |  1.8

Action                   |  1- 3 |  4- 6 || total
-------------------------+-------+-------++-------
Melee: Long sword        |   105 |   117 ||   222
Throw: Throwing net      |     1 |       ||     1
  Use: Scroll            |     6 |     5 ||    11
       Potion            |     3 |     2 ||     5
 Stab: Distracted        |     1 |       ||     1
       Held in net/web   |     1 |       ||     1
       Sleeping          |       |     5 ||     5
  Eat: Chunk             |     3 |     4 ||     7
       Fruit             |       |     1 ||     1
Armor: Leather armour    |    30 |    30 ||    60
       Skin              |     1 |       ||     1
Dodge: Dodged            |    77 |    89 ||   166
       Rpst.: Long sword |    26 |    29 ||    55
